 Dungeon Crawl Stone Soup version 0.20.1-1-g8b1a95d (webtiles) character file.

176 Gatuga the Digger (level 5, 0/28 HPs)
             Began as a Deep Elf Earth Elementalist on July 23, 2017.
             Succumbed to an adder's poison
             ... on level 3 of the Dungeon.
             The game lasted 00:15:01 (2933 turns).

Gatuga the Digger (Deep Elf Earth Elementalist)     Turns: 2933, Time: 00:15:01

Health: 0/28       AC:  2    Str:  5    XL:     5   Next: 30%
Magic:  2/13       EV: 13    Int: 21    God:
Gold:   94         SH:  0    Dex: 15    Spells: 11/12 levels left

rFire    . . .     SeeInvis .   m - +0 dagger
rCold    . . .     Gourm    .   (no shield)
rNeg     . . .     Faith    .   c - +0 robe
rPois    .         Spirit   .   (no helmet)
rElec    .         Reflect  .   (no cloak)
rCorr    .         Harm     .   (no gloves)
MR       .....                  (no boots)
Stlth    ++........             (no amulet)
Regen    0.1/turn               (no ring)
MPRegen  0.2/turn               (no ring)

@: lethally poisoned (0 -> -8), very slightly contaminated
A: no striking features
a: no special abilities


You were on level 3 of the Dungeon.
You were not hungry.

You visited 1 branch of the dungeon, and saw 3 of its levels.

You collected 94 gold pieces.

Inventory:

Hand Weapons
 m - a +0 dagger (weapon)
Missiles
 b - 73 stones (quivered)
Armour
 c - a +0 robe (worn)
Jewellery
 f - an uncursed amulet of guardian spirit {unknown}
 i - an uncursed ring of protection from magic
Scrolls
 j - 2 scrolls of noise
 t - a scroll of blinking
Potions
 g - a potion of curing
 h - a potion of heal wounds {unknown}
 l - 2 potions of mutation {unknown}
 n - a potion of lignification {unknown}
 o - 2 potions of resistance {unknown}
 q - a potion of flight {unknown}
Books
 e - a book of Geomancy

   Spells                             Type                      Level
   a - Sandblast                      Earth                        1
   b - Passwall                       Transmutation/Earth          2
   c - Stone Arrow                    Conjuration/Earth            3
   d - Petrify                        Transmutation/Earth          4
   e - Lee's Rapid Deconstruction     Earth                        5
Comestibles
 d - 3 bread rations
 k - a meat ration
 p - a royal jelly


   Skills:
 + Level 0.5 Fighting
 + Level 0.4 Short Blades
 + Level 3.3 Dodging
 + Level 3.6 Stealth
 + Level 4.3 Spellcasting
   Level 1.1 Transmutations
 + Level 4.9 Earth Magic


You had 11 spell levels left.
You knew the following spells:

 Your Spells              Type           Power        Failure   Level  Hunger
a - Sandblast             Erth           ####..       1%          1    None


Dungeon Overview and Level Annotations

Branches:
Dungeon (3/15)

Altars:
Makhleb


Message History

The blast of sand hits the adder.
You kill the adder!
b - 74 stones
* * * LOW HITPOINT WARNING * * *
You feel sick. The adder misses you.
Casting: Sandblast
Confirm with . or Enter, or press ? or * to list all spells.
Aiming: Sandblast
Press: ? - help, Shift-Dir - straight line, f - adder
Aim: an adder The blast of sand hits the adder.
You kill the adder!
b - 73 stones
* * * LOW HITPOINT WARNING * * *
You feel sick.
Okay, then.
a - a scroll of identify
As you read the scroll of identify, it crumbles to dust.
g - a potion of curing You die...

#.#..#####...
#w##.. ....## ###
#.##..####.# #.#
#.# .# #.# #.# #.#
#.# #.# #.# .# #.#
#.# #.##..####.#
#.####w.......
#@.....<...###
≈≈≈≈≈rr#########>#
#≈#≈#≈≈ # ≈.≈.
..... .......
..###.. ## ###


You could see a worm and 2 rats.

Vanquished Creatures
  A crimson imp (D:2)
  An orc priest (D:3)
  5 adders
  An ooze (D:2)
  3 dart slugs
  3 orcs (D:3)
  2 giant cockroaches
  10 goblins
  6 hobgoblins
  3 jackals (D:2)
  8 bats
  A frilled lizard (D:1)
  7 kobolds
  6 rats
57 creatures vanquished.

Notes
Turn   | Place    | Note
-------+----------+-------------------------------------------
     0 | D:1      | Gatuga the Deep Elf Earth Elementalist began the quest for the Orb.
     0 | D:1      | Reached XP level 1. HP: 10/10 MP: 6/6
   452 | D:1      | You fall through a shaft!
   613 | D:1      | Reached XP level 2. HP: 15/15 MP: 8/8
  1522 | D:2      | Reached XP level 3. HP: 19/19 MP: 6/9
  2490 | D:2      | Reached XP level 4. HP: 22/24 MP: 11/11
  2728 | D:2      | Found a burning altar of Makhleb.
  2836 | D:3      | Reached XP level 5. HP: 24/28 MP: 7/13
  2931 | D:3      | HP: 1/28 [poisoned by an adder]
  2933 | D:3      | Succumbed to an adder's poison

Skill      XL: |  1  2  3  4 |
---------------+-------------+-----
Stealth        | 3 |  3.6
Dodging        | 3 |  3.3
Earth Magic    | 4 |  4.9
Spellcasting   | 4 |  4.3
Fighting       | |  0.5
Short Blades   | |  0.4
Transmutations | |  1.1

Action                   |  1- 3 |  4- 6 || total
-------------------------+-------+-------++-------
Melee: Club              |    22 |       ||    22
       Dagger            |    98 |    24 ||   122
 Cast: Sandblast         |    22 |    32 ||    54
  Use: Scroll            |       |     5 ||     5
 Stab: Sleeping          |     5 |     1 ||     6
  Eat: Chunk             |     5 |     1 ||     6
Armor: Robe              |    23 |     4 ||    27
Dodge: Dodged            |    94 |    23 ||   117
